 Dungeon Crawl Stone Soup version 0.31.0-9-g3a7656b989 (webtiles) character file.

Game seed: 7097212413908767989

68222 GordonOverkill the Severer (level 15, -20/156 HPs)
             Began as an Oni Berserker on Jan 31, 2024.
             Was a High Priest of Trog.
             Killed from afar by an arcanist (23 damage)
             ... with a bolt of cold
             ... on level 14 of the Dungeon.
             The game lasted 00:31:20 (25246 turns).

GordonOverkill the Severer (Oni Berserker)         Turns: 25246, Time: 00:31:21

Health: -20/156    AC: 13    Str: 39    XL:     15   Next: 25%
Magic:  0/15       EV: 11    Int: 10    God:    Trog [*****.]
Gold:   1662       SH:  0    Dex:  8    Spells: 14/14 levels left

rFire   . . .        O - +3 war axe (elec)
rCold   . . .        (no shield)
rNeg    . . .        t - +2 robe {Will+}
rPois   +            Q - +4 hat "Mead" {rCorr Str+2 Int+2}
rElec   .            J - +2 cloak
rCorr   +            (gloves unavailable)
SInv    .            (boots unavailable)
Will    +++..        o - amulet of guardian spirit
Stlth   +            f - ring of poison resistance
HPRegen 0.46/turn    b - +6 ring of strength
MPRegen 0.14/turn

%: guardian spirit
@: on berserk cooldown, enlightened, flying, slowed, very slow
A: large, unfitting armour, horns 1, tough skin 1, double potion healing,
drunken brawling
a: Renounce Religion, Berserk, Trog's Hand, Brothers in Arms


You were on level 14 of the Dungeon.
You worshipped Trog.
Trog was extremely pleased with you.
You visited 2 branches of the dungeon, and saw 19 of its levels.

You collected 1662 gold pieces.

Inventory:

Hand Weapons
 j - the +8 whip of Incongruity {spect, rElec}
   (You found it on level 10 of the Dungeon)

   rElec:     It insulates you from electricity.
 O - a +3 war axe of electrocution (weapon)
 R - a +4 antimagic broad axe
Missiles
 g - 4 javelins
 y - 14 boomerangs (quivered)
Armour
 t - a +2 robe of willpower (worn)
 v - a scarf of repulsion
 J - a +2 cloak (worn)
 Q - the +4 hat "Mead" (worn) {rCorr Str+2 Int+2}
   (You acquired it on level 1 of the Lair of Beasts)

   Str+2:     It affects your strength (+2).
   Int+2:     It affects your intelligence (+2).
   rCorr:     It protects you from acid and corrosion.
Jewellery
 b - a +6 ring of strength (right hand)
 f - a ring of poison resistance (left hand)
 o - an amulet of guardian spirit (around neck)
 u - a ring of willpower
 G - a ring of protection from cold
 I - a ring of protection from fire
 K - a ring of positive energy
 M - a ring of willpower
Talismans
 k - a serpent talisman
Wands
 H - a wand of roots (21)
 T - a wand of polymorph (5)
 V - a wand of digging (3)
Scrolls
 a - a scroll of brand weapon
 c - 2 scrolls of fear
 e - 5 scrolls of identify
 l - 2 scrolls of vulnerability
 m - 7 scrolls of teleportation
 q - 5 scrolls of fog
 w - 3 scrolls of immolation
 D - a scroll of torment
 L - 2 scrolls of silence
 P - 4 scrolls of blinking
 U - a scroll of enchant armour
 W - 4 scrolls of butterflies
 X - a scroll of poison
 Y - a scroll of revelation
Potions
 d - 2 potions of heal wounds
 h - 9 potions of ambrosia
 i - 3 potions of enlightenment
 n - 8 potions of curing
 p - 2 potions of resistance
 s - 2 potions of haste
 x - 2 potions of might
 z - a potion of invisibility
 A - a potion of cancellation
 C - a potion of mutation
 F - 3 potions of lignification
 S - a potion of attraction
Miscellaneous
 r - a phantom mirror


   Skills:
 - Level 12.0 Fighting
 - Level 20.0 Axes
 + Level 10.2 Armour
 - Level 7.0 Dodging
 - Level 7.0 Evocations


You had 14 spell levels left.
You didn't know any spells.
Your spell library was empty.

Dungeon Overview and Level Annotations

Branches:
Dungeon (14/15)            Temple (0/1) D:7            Lair (5/5) D:10
  Swamp (0/4) Lair:2       Spider (0/4) Lair:2        Slime (0/5) Lair:5
    Orc (0/2) D:9
 Vaults: D:13-14

Altars:
Makhleb
Nemelex Xobeh
Sif Muna
Wu Jian
Xom
The Shining One
Jiyva

Shops:
D:6 ::[:

Portals:
Trove: D:11 (show abyssal rune of Zot)

Annotations:
D:6 2 transporters
Lair:2 1 runed translucent door, cariele's ghost, journeyman TrFi


Innate Abilities, Weirdness & Mutations

You are too large for most types of armour.
You have a pair of small horns on your head.
You have tough skin. (AC +1)
You gain doubled healing and magic from potions.
Whenever you drink a healing potion, you attack all around you.


Message History

You slash the vault guard!
The vault guard is moderately wounded.
You hit the vault guard.
The vault guard is heavily wounded.
You slash the vault guard! Your headbutt misses the vault guard.
The vault guard is heavily wounded.
The vault guard hits you with a +1 great sword!!
* * * LOW HITPOINT WARNING * * *
You slash the vault guard!
The vault guard is severely wounded.
You slash the vault guard!
The vault guard is almost dead.
The vault guard hits you with a +1 great sword!!
* * * LOW HITPOINT WARNING * * *
You barely miss the vault guard.
The vault guard is almost dead.
You barely miss the vault guard.
The vault guard is almost dead.
You hit the vault guard. You headbutt the vault guard.
You kill the vault guard!
Trog accepts your kill.
The deep elf archer points at you and mumbles some strange words.
You resist with almost no effort.
There is an open door, spattered with blood here.
You feel a strong urge to attack something.
You barely miss the arcanist. You headbutt the arcanist!
The arcanist is lightly wounded.
You closely miss the arcanist.
The arcanist is lightly wounded.
The arcanist points at you and mumbles some strange words.
The bolt of cold hits you!!
* * * LOW HITPOINT WARNING * * *
You miss the arcanist. You headbutt the arcanist!!
The arcanist is severely wounded.
You are no longer berserk.
You are exhausted.
You feel yourself slow down. The arcanist casts a spell at you.
The bolt of cold hits you!!
You die...

#.......# ## #####'###
##...# #..### #.##
############ ####'######
#..........# #
#.........###..........### #
#.........p)#..........'.###
#.........#@+.....[....#...'
######....###.....††...#####
#####≈~.## ######'##### #
#.!.#≈≈§§## #.# +/..p≈≈§§§#
#.### #...e≈≈§§§# #...#
#####§§§§§# ###.## #≈§§§.#
#..# ...#####p§§§§#
######'###


You could see an arcanist (fast).

Vanquished Creatures
  2 dire elephants (Lair:5)
  Josephine (Lair:5)
  A vault guard (D:14)
  7 hydras
  A catoblepas (Lair:5)
  2 boulder beetles
  7 centaur warriors
  A two-headed ogre (D:13)
  2 skysharks
  A spectral anaconda (Lair:5)
  Lodul (D:13)
  An obsidian statue (Lair:5)
  A deep elf archer (D:14)
  3 necromancers (Lair:5)
  2 lindwurms
  6 ugly things
  3 manticores
  A dire elephant zombie (Lair:5)
  3 cyclopes
  16 elephants
  5 slime creatures (D:12)
  2 torpor snails
  A black mamba (Lair:3)
  10 cane toads
  2 dire elephant skeletons (Lair:5)
  2 kobold demonologists (D:12)
  An unseen horror (D:10)
  6 rime drakes
  2 tengu conjurers (D:14)
  The ghost of CapUranus the Chopper, a novice GrFi (D:5)
  A yaktaur (D:14)
  11 komodo dragons
  A queen bee (Lair:2)
  2 polar bears
  A hornet (Lair:2)
  A tarantella (Lair:2)
  25 blink frogs
  2 spectral elephants (Lair:5)
  18 dream sheep
  A centaur simulacrum (D:14)
  A jumping spider (Lair:2)
  4 wyverns
  Sigmund (D:3)
  3 basilisks
  7 wraiths
  Eustachio (D:4)
  Grum (D:10)
  36 yaks
  2 death yak simulacra (Lair:5)
  7 spectral cane toads (Lair:5)
  2 acid dragons (D:11)
  2 swamp worms (Lair:2)
  Edmund (D:4)
  17 water moccasins
  2 orc warriors (D:9)
  An ice beast (D:7)
  3 sky beasts
  An elephant zombie (Lair:5)
  8 ogres
  A black bear (D:3)
  3 wolves (D:10)
  13 centaurs
  3 kobold brigands
  14 bullfrogs
  2 scorpions (D:5)
  A wyvern zombie (D:7)
  10 wights
  2 elephant simulacra (Lair:5)
  28 killer bees
  7 howler monkeys
  2 electric eels (Lair:2)
  A bullfrog zombie (D:7)
  6 centaur zombies (D:7)
  6 hounds
  3 orc priests
  2 bombardier beetles
  3 jellies
  A sleepcap (D:5)
  Natasha (thrice) (D:4)
  5 iguanas
  6 orc wizards
  2 killer bee zombies (D:7)
  2 howler monkey zombies (D:7)
  9 adders
  A shadow imp (D:5)
  2 ufetubi (D:6)
  3 ribbon worms
  31 orcs
  9 ball pythons
  9 bats
  9 endoplasms
  5 giant cockroaches
  11 hobgoblins
  4 jackals (D:3)
  23 kobolds
  8 quokkas
  5 frilled lizards
  4 goblins
  6 rats
522 creatures vanquished.

Vanquished Creatures (others)
  2 orc warriors (D:14)
2 creatures vanquished.

Grand Total: 524 creatures vanquished

Notes
Turn   | Place    | Note
-------+----------+-------------------------------------------
     0 | D:1      | GordonOverkill the Oni Berserker began the quest for the
                  | Orb.
     0 | D:1      | Reached XP level 1. HP: 24/24 MP: 1/1
    92 | D:1      | Reached XP level 2. HP: 28/33 MP: 2/2
   611 | D:1      | Found a faded altar of an unknown god.
   693 | D:1      | Reached XP level 3. HP: 35/41 MP: 3/3
  1214 | D:2      | Reached skill level 5 in Fighting
  1280 | D:2      | Reached ** piety under Trog
  1288 | D:2      | Found a burning altar of Makhleb.
  1812 | D:2      | Reached XP level 4. HP: 50/50 MP: 4/4
  1823 | D:2      | Reached skill level 4 in Axes
  2042 | D:3      | Found a shimmering blue altar of Sif Muna.
  2150 | D:3      | Noticed a black bear
  2158 | D:3      | Killed a black bear
  2159 | D:3      | Reached XP level 5. HP: 59/59 MP: 2/5
  2221 | D:3      | Found a burning altar of Makhleb.
  2249 | D:3      | Noticed Sigmund
  2260 | D:3      | Killed Sigmund
  2261 | D:3      | Reached skill level 5 in Axes
  2261 | D:3      | Reached XP level 6. HP: 71/71 MP: 6/6
  2892 | D:4      | Noticed Natasha
  2901 | D:4      | Killed Natasha
  3140 | D:4      | Noticed Edmund
  3153 | D:4      | Killed Edmund
  3154 | D:4      | Reached skill level 6 in Axes
  3154 | D:4      | Reached XP level 7. HP: 36/71 MP: 1/7
  3820 | D:4      | Noticed Eustachio
  3829 | D:4      | Killed Eustachio
  3830 | D:4      | Reached skill level 7 in Axes
  3901 | D:4      | Noticed Natasha
  3914 | D:4      | Killed Natasha
  4014 | D:4      | Noticed Natasha
  4018 | D:4      | Killed Natasha
  4134 | D:4      | Reached *** piety under Trog
  4135 | D:4      | Reached skill level 8 in Axes
  4214 | D:5      | Entered Level 5 of the Dungeon
  4274 | D:5      | Found a runed translucent door.
  4313 | D:5      | Reached XP level 8. HP: 75/87 MP: 6/8
  4578 | D:5      | Reached skill level 9 in Axes
  4640 | D:5      | Found a sparkling altar of Nemelex Xobeh.
  4798 | D:5      | You fall into a shaft and drop 2 floors!
  4804 | D:7      | Found a staircase to the Ecumenical Temple.
  4942 | D:7      | Reached skill level 10 in Axes
  5106 | D:7      | Reached XP level 9. HP: 96/96 MP: 9/9
  5604 | D:7      | Found a shimmering altar of Xom.
  5606 | D:7      | Reached skill level 11 in Axes
  6158 | D:6      | Found a transporter.
  6158 | D:6      | Found Vuruoweso's Book Boutique.
  6175 | D:6      | Found Ypaet's Book Shoppe.
  6182 | D:6      | Reached skill level 12 in Axes
  6292 | D:6      | Reached **** piety under Trog
  6355 | D:6      | Found Xutostrirgh's Antique Armour Emporium.
  6556 | D:6      | Found a transporter.
  6600 | D:6      | Found Ganappi's Book Shop.
  6931 | D:5      | Noticed CapUranus's ghost (novice GrFi)
  7105 | D:5      | Killed CapUranus's ghost
  7346 | D:8      | Reached skill level 13 in Axes
  7346 | D:8      | Reached XP level 10. HP: 58/104 MP: 6/10
  7781 | D:8      | Found a glowing golden altar of the Shining One.
  8486 | D:9      | Reached skill level 14 in Axes
  8521 | D:9      | Found a staircase to the Orcish Mines.
  9108 | D:9      | Found an ornate altar of the Wu Jian Council.
  9169 | D:10     | Entered Level 10 of the Dungeon
  9260 | D:10     | Noticed Grum
  9278 | D:10     | Killed Grum
  9526 | D:10     | Identified the +8 whip of Incongruity {spect, rElec}
  9876 | D:10     | Found a staircase to the Lair.
  9987 | D:10     | Killed an unseen horror
  9988 | D:10     | Reached skill level 15 in Axes
 10549 | D:11     | Found a portal to a secret trove of treasure.
 10749 | D:11     | Noticed a centaur warrior
 10758 | D:11     | Killed a centaur warrior
 10759 | D:11     | Reached XP level 11. HP: 60/111 MP: 2/11
 10995 | D:11     | Noticed a boulder beetle
 11001 | D:11     | Killed a boulder beetle
 11002 | D:11     | Reached skill level 16 in Axes
 11197 | D:11     | Noticed a manticore
 11205 | D:11     | Killed a manticore
 11634 | Lair:1   | Entered Level 1 of the Lair of Beasts
 11733 | Lair:1   | Identified the +0 long sword of Inference {heavy, rElec
                  | Str-2 Int-4 Dex+4}
 11988 | Lair:1   | Reached skill level 10 in Fighting
 12421 | Lair:1   | Identified a scroll of acquirement
 12421 | Lair:1   | Acquired the +4 hat "Mead" {rCorr Str+2 Int+2}
 12990 | Lair:2   | Reached skill level 1 in Armour
 13078 | Lair:2   | Found a runed translucent door.
 13080 | Lair:2   | Noticed cariele's ghost (journeyman TrFi)
 13082 | Lair:2   | Identified the +2 spear of Komiyts {protect, Dex+5}
 13082 | Lair:2   | Noticed a spriggan rider
 13185 | Lair:2   | Found a hole to the Spider Nest.
 13516 | Lair:2   | Reached XP level 12. HP: 112/132 MP: 10/12
 13565 | Lair:2   | Noticed a four-headed hydra
 13565 | Lair:2   | Noticed a five-headed hydra
 13575 | Lair:2   | Killed a five-headed hydra
 13576 | Lair:2   | Reached skill level 5 in Armour
 13578 | Lair:2   | Killed a four-headed hydra
 13660 | Lair:2   | Reached skill level 5 in Dodging
 13666 | Lair:2   | Reached skill level 1 in Evocations
 13979 | Lair:2   | Noticed a skyshark
 13989 | Lair:2   | Killed a skyshark
 14468 | Lair:2   | Found a staircase to the Swamp.
 15227 | Lair:3   | Reached skill level 5 in Evocations
 15489 | Lair:3   | Reached XP level 13. HP: 106/140 MP: 10/13
 15491 | Lair:3   | Reached ***** piety under Trog
 16392 | Lair:4   | Reached skill level 17 in Axes
 17606 | Lair:4   | Reached skill level 18 in Axes
 17974 | Lair:5   | Entered Level 5 of the Lair of Beasts
 18317 | Lair:5   | Reached skill level 19 in Axes
 18327 | Lair:5   | Reached XP level 14. HP: 105/149 MP: 7/14
 18813 | Lair:5   | Noticed Josephine
 18826 | Lair:5   | Killed Josephine
 18826 | Lair:5   | Received a gift from Trog
 19042 | Lair:5   | Reached skill level 20 in Axes
 19613 | Lair:5   | Noticed a dire elephant
 19613 | Lair:5   | Noticed a dire elephant
 20197 | Lair:5   | Found a staircase to the Slime Pits.
 20198 | Lair:5   | Found a viscous altar of Jiyva.
 21091 | Lair:5   | Killed a dire elephant
 21095 | Lair:5   | Killed a dire elephant
 23396 | D:13     | Reached XP level 15. HP: 118/156 MP: 8/15
 23713 | D:13     | Noticed Lodul
 23727 | D:13     | Killed Lodul
 24946 | D:14     | Reached skill level 10 in Armour
 25245 | D:14     | HP: 4/234 [arcanist/bolt of cold (29)]
 25246 | D:14     | Killed from afar by an arcanist

Illustrated notes

Levels and vault maps discovered:
D:1:      dpeg_arrival_oval, layout_basic, hellmonk_ecumenical_altar_zigzags
D:2:      layout_loops_ring, basic_altar
D:3:      layout_basic, mainiacjoe_overflow_brackets, lemuel_doored_altar,
          reono_crystal_passage, minmay_quantized, uniq_sigmund
D:4:      layout_basic, kennysheep_dice, uniq_edmund, uniq_eustachio,
          uniq_natasha
D:5:      minmay_evil_eye, layout_basic, mainiacjoe_overflow_catwalk,
          ebering_ghost_sewer_d, minmay_fractal_squares_5
D:6:      layout_basic, serial_shops, nicolae_square_shop,
          nicolae_shop_drivethru, shop, shop
D:7:      layout_loops_cross, brannock_xom_greatest_gift,
          minmay_temple_entry_hall, serial_undead, serial_undead_e,
          serial_undead_a, serial_undead_c, serial_undead_b, serial_undead_d,
          serial_undead_c
D:8:      layout_rooms, nicolae_tso_carved_into_rock
D:9:      layout_gridville, nicolae_wu_jian_immortal_techniques, orc_0_dummy
D:10:     layout_irregular_city, lair_entry_dummy, uniq_grum
D:11:     layout_roguey, nicolae_trove_entry_crystal
D:12:     layout_stronghold, minmay_misc_feat_iff
D:13:     layout_small_grid, uniq_lodul
D:14:     layout_roguey, grunt_vaults_entry_fortified,
          minmay_misc_feat_more_columns, ebering_ghost_disaster_area
Lair:1:   layout_long_grid, minmay_hedge_maze, minivault_24
Lair:2:   layout_roguey [special_room_bee], palyth_hydra_swamp_entry,
          spider_nest_entry_rubble, serial_bayou, serial_bayou_shore_b,
          serial_bayou_pond_e, serial_bayou_pond_c, serial_bayou_shore_a,
          ebering_ghost_funeral_grove, cheibrodos_lair_caveside_slide,
          infiniplex_staircase_pool_2
Lair:3:   layout_cave_pods, lemuel_fruit_tree, grunt_megastairs_1
Lair:4:   layout_regular_city, grunt_megastairs_3
Lair:5:   due_jungle_book, layout_small_grid, slime_entry_1,
          nicolae_volcano_entry_vermiform, hibernation_bobbens, uniq_josephine

Skill      XL: |  1  2  3  4  5  6  7  8  9 10 11 12 13 14 15 |
---------------+----------------------------------------------+-----
Fighting       | 5 6 7 8 12 | 12.0
Axes           | 4 5 6 8 10 13 15 16 19 20 | 20.0
Armour         | 4 5 8 10 | 10.2
Dodging        | 7 |  7.0
Evocations     | 5 7 |  7.0

Action                     |  1- 3 |  4- 6 |  7- 9 | 10-12 | 13-15 || total
---------------------------+-------+-------+-------+-------+-------++-------
  Melee: Hand axe          |    99 |   109 |    76 |       |       ||   284
         Headbutt          |    12 |    18 |    45 |    54 |   130 ||   259
         Punch             |     1 |       |     1 |     4 |     4 ||    10
         Battleaxe         |       |       |   163 |       |       ||   163
         Dire flail        |       |       |     4 |       |       ||     4
         War axe           |       |       |     4 |   356 |   488 ||   848
         Whip              |       |       |       |    16 |    37 ||    53
         Broad axe         |       |       |       |       |     9 ||     9
  Throw: Javelin           |       |       |       |     2 |       ||     2
         Boomerang         |       |       |       |     1 |    13 ||    14
 Invoke: Berserk           |     1 |     4 |     9 |    20 |    18 ||    52
         Trog's Hand       |       |       |       |     1 |       ||     1
  Evoke: Wand              |       |       |       |     1 |     8 ||     9
    Use: Scroll            |       |     4 |     1 |    19 |    12 ||    36
         Potion            |       |       |       |     1 |     1 ||     2
   Stab: Petrified         |       |       |       |       |     2 ||     2
 Armour: Animal skin       |    59 |    81 |     2 |       |       ||   142
         Robe              |       |       |   177 |   347 |   476 ||  1000
  Dodge: Dodged            |    66 |    55 |   127 |   168 |   231 ||   647
         Repelled          |       |       |     1 |       |       ||     1
